 Dungeon Crawl Stone Soup version 0.21-a0-584-g185da8e (webtiles) character file.

733 sithsevirus the Sneak (level 7, -2/58 HPs)
             Began as a Grey Draconian Air Elementalist on Dec 20, 2017.
             Slain by Sigmund
             ... wielding a +0 scythe of protection
              (8 damage)
             ... on level 5 of the Dungeon.
             The game lasted 00:25:45 (5439 turns).

sithsevirus the Sneak (DrAE)                        Turns: 5439, Time: 00:25:46

Health: -2/58      AC: 13    Str: 15    XL:     7   Next: 45%
Magic:  7/10       EV: 12    Int: 18    God:
Gold:   182        SH:  0    Dex: 11    Spells: 9/10 levels left

rFire    . . .     SeeInvis .   B - +0 long sword
rCold    . . .     Gourm    .   (no shield)
rNeg     . . .     Faith    .   (armour unavailable)
rPois    .         Spirit   .   (helmet restricted)
rElec    .         Reflect  .   (no cloak)
rCorr    .         Harm     .   (no gloves)
MR       .....                  e - +1 pair of boots
Stlth    ++........             (no amulet)
HPRegen  0.19/turn              (no ring)
MPRegen  0.12/turn              (no ring)

@: mighty
A: walk through water, unfitting armour, unbreathing, cold-blooded, AC +11
a: no special abilities


You were on level 5 of the Dungeon.
You were very hungry.

You visited 1 branch of the dungeon, and saw 5 of its levels.

You collected 182 gold pieces.

Inventory:

Hand Weapons
 k - a +1 quarterstaff
 A - a +0 hand axe
 B - a +0 long sword (weapon)
Missiles
 g - 6 curare-tipped needles
 n - 166 stones
 r - 5 poisoned javelins (quivered)
 w - 19 sling bullets
Armour
 e - a +1 pair of boots (worn)
Jewellery
 q - an uncursed amulet of the gourmand
Wands
 s - a wand of enslavement (1)
 u - a wand of random effects (66)
Scrolls
 h - a scroll of amnesia
 i - a scroll of identify
 j - a scroll of remove curse
 y - a scroll of enchant weapon
 z - a scroll of enchant armour
Potions
 d - a potion of might
 f - a potion of ambrosia {unknown}
 l - 2 potions of haste
 m - a potion of agility {unknown}
 o - 3 potions of brilliance {unknown}
 p - 2 potions of flight {unknown}
 t - a potion of mutation {unknown}
 v - 2 potions of heal wounds {unknown}
 x - a potion of invisibility {unknown}
Books
 a - a book of Air

   Spells                             Type                      Level
   a - Shock                          Conjuration/Air              1
   b - Swiftness                      Charms/Air                   2
   c - Static Discharge               Conjuration/Air              3
   d - Airstrike                      Air                          4
   e - Lightning Bolt                 Conjuration/Air              5
Comestibles
 b - 5 rations


   Skills:
 + Level 3.7 Fighting
 + Level 0.9 Long Blades
 - Level 0.5 Staves
 + Level 2.3 Throwing
 - Level 2.6 Dodging
 + Level 4.0 Stealth
 - Level 2.0 Spellcasting
 + Level 3.7 Conjurations
 - Level 3.6 Air Magic


You had 9 spell levels left.
You knew the following spells:

 Your Spells              Type           Power        Failure   Level  Hunger
a - Shock                 Conj/Air       ###.         4%          1    #......


Dungeon Overview and Level Annotations

Branches:
Dungeon (5/15)
 Temple: D:4-7

Altars:
Ashenzari
Elyvilon
Gozag
Ru
Trog

Annotations:
D:5 Sigmund


Innate Abilities, Weirdness & Mutations

You can walk through water.
Your dull iron-grey scales are very hard. (AC +11)
You cannot fit into any form of body armour.
You can survive without breathing.
You are cold-blooded and may be slowed by cold attacks.


Message History

The zap hits the quokka.
You kill the quokka!
You hear some strange, mumbled words.
You are confused.
Something hits you!
* * * LOW HITPOINT WARNING * * *
An adder zombie comes into view.
It was a potion of might.
You feel very mighty all of a sudden.
You hear some strange, mumbled words.
A puff of flame appears from out of thin air!
The puff of flame hits you!
It was a potion of curing.
You feel better. Something hits you.
* * * LOW HITPOINT WARNING * * *
A worm and a worker ant come into view.
Something hits you.
* * * LOW HITPOINT WARNING * * *
You see here a hound corpse.
You miss something. Something hits you!
You die...

.....# .....# ### .....#
#.####### .....# #.......#
....>###.#.###.# ###
.......[.#.# .#### ...
.....##..#.## ...## #.##
.....###....######..#####..#
###.............@..........####
#.#############{.Z...........
#.# #8## #w........# #.#
...8##.........######. #.#
....##a............... #.#
....>#................ ###
....##...<.......#.... ##
...8##..........## ##. #8##
#..........#..#


You could see a worm, a worker ant (wandering) and an adder zombie (wandering).

Vanquished Creatures
  An ogre (D:4)
  A scorpion (D:4)
  A howler monkey (D:5)
  A centaur zombie (D:5)
  A hound (D:5)
  An orc priest (D:4)
  4 orc wizards (D:4)
  A bullfrog skeleton (D:5)
  Jessica (D:3)
  Natasha (twice) (D:3)
  2 worker ants (D:4)
  Ijyb (D:3)
  A hound skeleton (D:4)
  A howler monkey skeleton (D:4)
  A river rat (D:4)
  8 adders
  4 worms
  3 dart slugs
  4 leopard geckos
  3 orcs (D:4)
  3 ball pythons
  2 bats (D:1)
  5 giant cockroaches
  3 goblins
  6 hobgoblins
  8 jackals
  7 kobolds
  3 quokkas
  3 frilled lizards
  A leopard gecko skeleton (D:2)
  5 rats
88 creatures vanquished.

Notes
Turn   | Place    | Note
-------+----------+-------------------------------------------
     0 | D:1      | sithsevirus the Draconian Air Elementalist began the quest for the Orb.
     0 | D:1      | Reached XP level 1. HP: 14/14 MP: 3/3
   272 | D:1      | Reached skill level 2 in Stealth
   272 | D:1      | Reached XP level 2. HP: 13/22 MP: 1/5
   815 | D:1      | Reached skill level 1 in Fighting
  1213 | D:2      | Reached XP level 3. HP: 22/28 MP: 0/6
  2154 | D:2      | Reached XP level 4. HP: 23/35 MP: 2/7
  2909 | D:3      | Noticed Ijyb
  3040 | D:3      | Killed Ijyb
  3040 | D:3      | Reached XP level 5. HP: 34/41 MP: 5/8
  3398 | D:3      | Found an opulent altar of Gozag.
  3399 | D:3      | Noticed Natasha
  3404 | D:3      | Killed Natasha
  3452 | D:3      | Found a shattered altar of Ashenzari.
  3768 | D:3      | Noticed Jessica
  3772 | D:3      | Killed Jessica
  3772 | D:3      | Reached skill level 3 in Stealth
  4085 | D:3      | Noticed Natasha
  4091 | D:3      | Killed Natasha
  4241 | D:4      | Reached skill level 1 in Throwing
  4250 | D:4      | Reached XP level 6. HP: 46/50 MP: 0/9
  4538 | D:4      | Found a sacrificial altar of Ru.
  4672 | D:4      | Your scales start taking on a dull iron-grey colour.
  4672 | D:4      | Reached XP level 7. HP: 25/57 MP: 0/10
  4672 | D:4      | Gained mutation: You can survive without breathing. [Grey Draconian growth]
  4872 | D:4      | Found a bloodstained altar of Trog.
  4922 | D:4      | Found a white marble altar of Elyvilon.
  5322 | D:5      | Entered Level 5 of the Dungeon
  5395 | D:5      | Noticed Sigmund
  5434 | D:5      | Reached skill level 4 in Stealth
  5439 | D:5      | Slain by Sigmund

Vault maps used:
D:1:      minmay_arrival_three_doors
D:3:      overflow_temple_1_default, grunt_gozag_statues, uniq_ijyb,
          uniq_natasha, uniq_jessica
D:4:      bloody_trog, nicolae_ru_the_path_less_chosen, lemuel_round_altar,
          portal_sewer_entry_b
D:5:      nicolae_overflow_hidden_temple, first_ration, grunt_dithmenos_shadows,
          uniq_sigmund

Skill      XL: |  1  2  3  4  5  6  7 |
---------------+----------------------+-----
Stealth        | 2 3 4 |  4.0
Dodging        | 2 |  2.6
Fighting       | 1 2 3 |  3.7
Conjurations   | 2 3 |  3.7
Air Magic      | 4 3 |  3.6
Throwing       | 1 2 |  2.3
Long Blades    | |  0.9
Staves         | |  0.5
Spellcasting   | |  2.0

Action                   |  1- 3 |  4- 6 |  7- 9 || total
-------------------------+-------+-------+-------++-------
Melee: Unarmed           |    51 |       |       ||    51
       Tailslap          |     4 |     3 |     7 ||    14
       Quarterstaff      |     3 |    21 |    28 ||    52
       Long sword        |       |       |    26 ||    26
Throw: Javelin           |       |    35 |     5 ||    40
 Cast: Shock             |   108 |    98 |     7 ||   213
  Use: Scroll            |       |     7 |       ||     7
       Potion            |       |       |     2 ||     2
  Eat: Chunk             |     6 |     2 |     2 ||    10
       Ration            |       |     2 |       ||     2
Armor: Skin              |    23 |    36 |    52 ||   111
Dodge: Dodged            |    49 |    38 |    56 ||   143
       Rpst.: Long sword |       |       |    10 ||    10

Table legend:
 A = Spawn XP
 B = Non-spawn XP
 C = Spawn XP percentage of total XP
 D = Spawn monster count
 E = Non-spawn monster count
 F = Spawn count percentage of total count
 G = Total turns spent on level
                    A         B        C        D         E        F      G
               +---------+---------+-------+---------+---------+-------+---------
         Total |       0 |    1048 |   0.0 |       0 |      88 |   0.0 |  5439
               +---------+---------+-------+---------+---------+-------+---------
           D:1 |       0 |      38 |   0.0 |       0 |      21 |   0.0 |  1351
           D:2 |       0 |     127 |   0.0 |       0 |      25 |   0.0 |  1632
           D:3 |       0 |     173 |   0.0 |       0 |      15 |   0.0 |  1243
           D:4 |       0 |     525 |   0.0 |       0 |      22 |   0.0 |  1096
           D:5 |       0 |     185 |   0.0 |       0 |       5 |   0.0 |   117
               +---------+---------+-------+---------+---------+-------+---------
